Map: Lightshade LE

Players

HeroMarine

  • Race: Terran Terran

Reynor - Winner!

  • Race: Zerg Zerg

Event: DreamHack SC2 Masters 2021 Winter

VOD

Have the link to the VOD?

Description

Time

  • Played on: Oct. 15, 2021, 9:31 a.m.
  • Length: 8:45

All games in this series

Show
View Real Time Build Order
Export as new Build Order

HeroMarine Terran 

Build Orders: Hellion Opening 

Get SALT Encoding   

  12  0:00  SCV  
  13  0:12  SCV  
  14  0:17  Supply Depot  
  14  0:24  SCV  
  15  0:39  SCV  
  15  0:40  Barracks  
  16  0:43  Refinery  
  16  0:51  SCV  
  17  1:03  SCV  
  18  1:15  SCV  
  19  1:27  Barracks Reactor, Orbital Command  
  19  1:38  Command Center  
  19  1:47  Supply Depot  
  19  1:53  SCV  
  20  2:03  Factory, Marine  
  20  2:05  SCV  
  20  2:08  Marine  
  23  2:17  SCV  
  23  2:19  Refinery  
  23  2:21  Marine  
  25  2:26  Marine  
  25  2:29  SCV  
  27  2:41  SCV  
  28  2:48  Starport  
  28  2:50  Orbital Command  
  28  2:53  Hellion x2  
  28  2:54  Marine  
  28  2:58  SCV  
  35  3:14  Hellion x2  
  35  3:15  Supply Depot  
  35  3:17  Marine  
  39  3:26  Armory  
  39  3:27  Medivac  
  42  3:35  Marine  
  42  3:37  Hellion  
  42  3:39  Hellion  
  46  3:42  SCV  
  46  3:43  SCV  
  46  3:46  Supply Depot  
  48  3:55  SCV x2  
  50  4:00  Liberator  
  53  4:08  Hellion x2  
  57  4:11  Supply Depot  
  57  4:13  SCV x2  
  57  4:15  Barracks Tech Lab  
  59  4:25  SCV x2  
  61  4:33  Hellion  
  61  4:37  SCV x2  
  56  4:47  Hellion  
  56  4:49  SCV x2  
  56  4:50  Marine  
  60  4:54  Hellion  
  58  5:01  SCV x2  
  45  5:10  Hellion  
  45  5:13  SCV x2  
  39  5:25  SCV  
  39  5:26  SCV  
  37  5:30  Hellion  
  37  5:31  Hellion  
  41  5:37  SCV  
  41  5:38  SCV  
  43  5:49  SCV  
  40  5:50  SCV  
  40  5:51  Hellion  
  40  5:53  Hellion  
  41  6:01  SCV  
  41  6:02  SCV  
  41  6:08  Barracks Tech Lab  
  41  6:10  Raven  
  43  6:13  Hellion  
  43  6:14  Hellion, SCV x2  
  49  6:18  Hellion x2  
  49  6:26  SCV x2  
  49  6:30  Marine  
  49  6:31  Stimpack  
  56  6:40  Command Center  
  56  6:43  SCV x2  
  54  6:52  Marine  
  54  6:53  Factory Reactor, Barracks  
  55  6:55  SCV x2  
  55  6:56  Barracks  
  55  7:00  Supply Depot  
  57  7:05  Raven  
  57  7:07  SCV  
  57  7:08  SCV  
  61  7:10  Marine  
  62  7:21  SCV x2  
  64  7:26  Engineering Bay x2  
  64  7:28  Marine  
  65  7:33  SCV x2, Refinery x2  
  65  7:35  Factory Reactor  
  67  7:45  Hellion x2, SCV x2  
  67  7:46  Hellion, Marine  
  70  7:51  Marine x2  
  70  7:52  Marine x2  
  70  7:56  Orbital Command  
  74  7:58  SCV  
  74  7:59  SCV, Starport Reactor  
  74  8:00  Supply Depot  
  74  8:05  Marine  
  77  8:09  Marine x2  
  77  8:10  SCV  
  77  8:11  SCV, Marine  
  77  8:12  Marine  
  83  8:13  Widow Mine  
  85  8:20  Supply Depot  
  85  8:22  Widow Mine, Supply Depot  
  85  8:24  SCV x2  
  85  8:26  Marine  
Show
View Real Time Build Order
Export as new Build Order

Reynor Zerg - Winner!

Build Orders: Hatch First 

Get SALT Encoding   

  12  0:00  Drone  
  13  0:12  Overlord  
  13  0:16  Drone  
  14  0:30  Drone x2  
  16  0:48  Hatchery  
  15  0:50  Drone  
  15  0:53  Drone  
  17  0:57  Drone  
  18  1:07  Extractor  
  17  1:13  Spawning Pool  
  17  1:15  Drone  
  17  1:19  Drone  
  18  1:27  Drone  
  19  1:38  Drone  
  20  1:49  Drone  
  21  1:59  Queen x2  
  21  2:00  Zergling x4  
  27  2:10  Overlord  
  27  2:11  Drone  
  27  2:14  Metabolic Boost  
  28  2:28  Drone x2  
  30  2:32  Hatchery  
  30  2:35  Drone  
  31  2:37  Drone  
  31  2:47  Queen  
  31  2:49  Overlord  
  33  2:52  Drone  
  33  2:54  Drone  
  33  2:56  Drone  
  36  3:08  Drone x3  
  36  3:10  Overlord  
  36  3:11  Drone  
  40  3:14  Queen  
  40  3:19  Drone  
  43  3:20  Drone  
  43  3:25  Overlord  
  44  3:29  Queen  
  44  3:32  Drone  
  47  3:42  Zergling x4  
  47  3:43  Overlord  
  47  3:45  Drone x2, Queen  
  47  3:47  Drone  
  54  3:51  Overlord  
  54  3:55  Zergling x6  
  57  3:57  Zergling x2  
  57  4:01  Overlord  
  58  4:07  Drone x3  
  60  4:10  Drone  
  62  4:17  Zergling x2  
  62  4:19  Zergling x2  
  62  4:21  Queen x2  
  62  4:23  Zergling x2  
  68  4:26  Overlord  
  68  4:30  Zergling x2  
  68  4:31  Zergling x6  
  70  4:40  Zergling x2  
  70  4:41  Zergling x4  
  70  4:43  Overlord  
  69  4:46  Queen  
  65  4:53  Zergling x10  
  65  4:54  Zergling x2  
  65  4:57  Queen  
  65  4:58  Overlord  
  71  5:04  Zergling x4  
  71  5:06  Queen  
  67  5:09  Zergling x2  
  64  5:17  Drone x2  
  64  5:19  Drone  
  66  5:23  Drone  
  66  5:24  Drone, Queen  
  69  5:30  Drone  
  69  5:33  Drone  
  71  5:39  Drone  
  69  5:42  Drone  
  69  5:43  Drone  
  69  5:46  Overlord  
  69  5:49  Drone x2  
  69  5:51  Drone, Queen  
  69  5:53  Lair  
  69  5:54  Baneling Nest  
  69  5:56  Drone x2  
  70  5:59  Drone x3  
  70  6:02  Drone  
  74  6:05  Evolution Chamber  
  74  6:09  Extractor  
  74  6:10  Drone  
  74  6:11  Evolution Chamber  
  71  6:12  Spine Crawler  
  71  6:15  Hatchery, Queen  
  71  6:20  Spore Crawler  
  71  6:22  Drone x4  
  71  6:23  Zergling x2  
  71  6:24  Zergling x2  
  76  6:27  Zergling x4  
  76  6:28  Zergling x2  
  79  6:35  Zerg Ground Armor Level 1, Spore Crawler  
  79  6:37  Zerg Melee Weapons Level 1  
  79  6:38  Drone x3  
  79  6:39  Drone  
  82  6:40  Extractor  
  82  6:41  Drone  
  82  6:42  Extractor  
  82  6:44  Zergling x6  
  82  6:46  Zergling x2  
  85  6:50  Baneling x5  
  85  6:54  Overlord  
  85  6:56  Drone x5  
  85  6:57  Drone  
  85  7:00  Drone x2  
  93  7:02  Drone x2  
  95  7:12  Zergling x2, Centrifugal Hooks  
  96  7:21  Drone  
  96  7:22  Zergling x10  
  100  7:26  Zergling x2  
  100  7:27  Queen, Overlord  
  100  7:28  Zergling x2  
  104  7:32  Zergling x2  
  104  7:33  Zergling x6  
  104  7:36  Zergling x2  
  109  7:39  Zergling x4  
  111  7:44  Overlord  
  111  7:45  Zergling x2  
  111  7:48  Zergling x4  
  111  7:49  Zergling x4  
  116  7:51  Spore Crawler  
  116  7:52  Zergling x2  
  116  7:56  Zergling x4  
  118  7:59  Baneling x19  
  118  8:00  Zergling x8  
  118  8:01  Overlord  
  118  8:03  Zergling x6  
  125  8:09  Zergling x2  
  126  8:15  Zergling x6  
  126  8:16  Overlord  
  126  8:18  Baneling x9  
  129  8:24  Zergling x12  
  129  8:26  Zergling x4  
  129  8:27  Zergling x2  
  138  8:30  Hatchery  

Tags
 
Add a new tag
Caveats
  • Supply blocks, unpowered buildings, or Contaminate may cause inaccurate times.
  • Supply counts are checked every 10 seconds.